Unix NetHack Version 5.0.0-0 post-release - last build May  4 2026 22:22:43 (774f63e81ad911689b3a0859ea89b322d5daca8d,branch:main).

Game began 2026-05-07 01:51:30, ended 2026-05-07 02:07:47.

Brudee, neutral female human Healer

                        --------                  -----------
                      ##.......|                 #-.........|
  ---------           # |......|                 #|.........|      ------
  |.......|#      ######|.......#               ##|.......([|      |.....#
  |.......|########   # -----.--#            #### -.---------      |....|#
  |....<..|##        ##      # ##            #     #####           |....|#
  |........##       ##         #             #         #           |....|#
  |.......|#        #         ##             #         #          #.....|#
  |.......|#        #        ##            ###         #          #------#
  ----.----#        #        #            ##        #########            #
      #    #        #        #---------############## ---+--#            #
          ####      #        #|.......|#  #           |....|#            #
           # #      #        #-...`...|#  #           |....|#            #
           # #      #         |......^|####           |....|#           ##
        #### ##     #         |.......i#              |.....###############
        #-----.-----#         |......@|#              |....|           #--.--
        #|..........#         |.......|#              ------            |(.>|
        #-.........|#         ---------#                                ..`.|
         -----------###############*####                                -----

Brudee the Empiric           St:9 Dx:8 Co:16 In:10 Wi:16 Ch:16  Neutral S:447
Dlvl:3  $:1935 HP:0(32) Pw:9(16) AC:8  Xp:3/54 T:1534 

Latest messages:
 The giant rat bites!
 The giant rat bites!
 You have a little trouble lifting O - a giant rat corpse.
 You hit the giant rat.
 The giant rat bites!
 In what direction? .
 You feel better.
 The giant rat bites!
 The giant rat bites!
 What do you want to drink? [demnqGJK or ?*] ?
 You feel better.
 The giant rat bites!
 You hit the giant rat.
 The giant rat bites!
 You kill the giant rat!
 What do you want to sacrifice? [O or ?*] O
 Your sacrifice is consumed in a plume of smoke!
 You sense a conflict between Hermes and Poseidon.
 You feel the power of Hermes increase.
 The altar glows gray.
 Your movements are now unencumbered.
 You hit the homunculus.
 The homunculus bites!
 You miss the homunculus.
 The homunculus bites!
 You miss the homunculus.
 The homunculus bites!
 What do you want to use or apply? [cf-ikwF or ?*] c
 In what direction? u
 Status of the homunculus (chaotic, tiny):  Level 2  HP 11(12)  AC 6.
 You miss the homunculus.
 The homunculus bites!
 You miss the homunculus.
 The homunculus bites!
 You hit the homunculus.
 The homunculus bites!
 You hit the homunculus.
 The homunculus bites!
 You are put to sleep by the homunculus!
 The homunculus bites!
 The homunculus bites!
 The homunculus bites!
 The homunculus bites!
 The homunculus bites!
 The homunculus bites!
 The homunculus bites!
 The homunculus bites!
 You die...
 Do you want your possessions identified? [ynq] (y) y
 Do you want to see your attributes? [ynq] (y) q

Inventory:
 Coins    ('$')
  $ - 1935 gold pieces
 Weapons  (')')
  a - a +0 scalpel (weapon in right hand)
 Armor    ('[')
  b - an uncursed +1 pair of leather gloves (being worn)
 Comestibles  ('%')
  j - 5 uncursed apples
  v - an uncursed carrot
  I - an uncursed food ration
  C - 2 uncursed fortune cookies
 Scrolls  ('?')
  D - an uncursed scroll of create monster
  p - an uncursed scroll of enchant armor
  s - an uncursed scroll of enchant weapon
  B - an uncursed scroll of fire
  r - an uncursed scroll of genocide
  E - an uncursed scroll of magic mapping
  u - an uncursed scroll of teleportation
 Spellbooks  ('+')
  k - an uncursed spellbook of cause fear
  w - an uncursed spellbook of chain lightning
  h - a blessed spellbook of extra healing
  F - an uncursed spellbook of force bolt
  g - a blessed spellbook of healing
  i - a blessed spellbook of stone to flesh
 Potions  ('!')
  e - 4 uncursed potions of extra healing
  q - an uncursed potion of gain energy
  J - a blessed potion of healing
  d - 2 uncursed potions of healing
  K - a cursed potion of healing
  m - 2 uncursed potions of invisibility
  G - an uncursed potion of speed
  n - an uncursed potion of water
 Wands    ('/')
  f - a wand of sleep (0:6)
 Tools    ('(')
  c - an uncursed stethoscope

Brudee the Healer's attributes:

Background:
 You were an Empiric, a level 3 female human Healer.
 You were neutral, on a mission for Hermes
 who was opposed by Athena (lawful) and Poseidon (chaotic).
 You were right-handed.
 You were in the Dungeons of Doom, on level 3.
 You entered the dungeon 1534 turns ago.
 It was nighttime.
 You had 54 experience points, 26 more were needed to attain level 4.
 Your score was 447 before end-of-game adjustments.

Basics:
 You had 0 out of 32 hit points.
 You had 9 out of 16 energy points (spell power).
 Your armor class was 8.
 Your wallet contained 1935 zorkmids.
 Autopickup was on for '$"?+!=/' plus thrown.

Final Characteristics:
 Your strength was 9 (limit:18/100).
 Your dexterity was 8 (limit:18).
 Your constitution was 16 (limit:18).
 Your intelligence was 10 (limit:18).
 Your wisdom was 16 (limit:18).
 Your charisma was 16 (limit:18).

Final Status:
 You weren't hungry.
 You were unencumbered.
 You were wielding a knife.
 You had basic skill with knife.

Final Attributes:
 You were devoutly aligned.
 You were poison resistant.
 You saw invisible.
 You were lucky.
 You are dead.

Miscellaneous:
 You didn't encounter any bones levels.
 Total elapsed playing time was 16 minutes and 13 seconds.

Major events:
 Turn
    1: Brudee the neutral female human Healer entered the dungeon
 1447: attained the rank of Empiric (level 3)
 1534: killed by a homunculus, while sleeping

Spells:
 Name                 Level Category     Fail Retention
 healing                1   healing        0%  91%-100%
 extra healing          3   healing        0%  91%-100%
 stone to flesh         3   healing        4%  91%-100%

Skills:
 Fighting Skills
   bare handed combat [Unskilled]
 Weapon Skills
   dagger             [Unskilled]
   knife              [Basic]
   short sword        [Unskilled]
   saber              [Unskilled]
   club               [Unskilled]
   mace               [Unskilled]
   quarterstaff       [Unskilled]
   polearms           [Unskilled]
   spear              [Unskilled]
   trident            [Unskilled]
   sling              [Unskilled]
   dart               [Unskilled]
   shuriken           [Unskilled]
   unicorn horn       [Unskilled]
 Spellcasting Skills
   healing spells     [Basic]

Voluntary challenges:
 Character rerolling was not enabled.
 You never genocided any monsters.
 You never polymorphed an object.
 You never changed form.
 You used no wishes.
Achievement:
 You attained the rank of Empiric.

 The Dungeons of Doom: levels 1 to 4
    Level 1:
       A fountain.
    Level 2:
       A fountain.
    Level 3: <- You were here.
       An altar to Hermes.
       Final resting place for
          you, killed by a homunculus, while sleeping.
    Level 4:
       A fountain.


Vanquished creatures:
  a water nymph
  2 gas spores
  2 giant rats
  3 foxes
  a grid bug
  a bat
  3 lichens
  a kobold zombie
  6 newts
20 creatures vanquished.

No species were genocided or became extinct.

Game over:
                       ----------
                      /          \
                     /    REST    \
                    /      IN      \
                   /     PEACE      \
                  /                  \
                  |      Brudee      |
                  |     1935 Au      |
                  |   killed by a    |
                  |    homunculus    |
                  |                  |
                  |                  |
                  |       2026       |
                 *|     *  *  *      | *
        _________)/\\_//(\/(/\)/\//\/|_)_______

Goodbye Brudee the Healer...

You died in The Dungeons of Doom on dungeon level 3 with 440 points,
and 1935 pieces of gold, after 1534 moves.
You were level 3 with a maximum of 32 hit points when you died.

